Map: King's Cove LE

Players

Smeeeger - Winner!

  • Race: Zerg Zerg
  • League: Platinum
  • Spawn Location: 5:00

VOD

Have the link to the VOD?

Description

Time

  • Played on: July 28, 2019, 9:18 p.m.
  • Length: 30:22
Show
View Real Time Build Order
Export as new Build Order

Smeeeger Zerg - Winner!

Build Orders:  

Get SALT Encoding   

  12  0:06  Drone  
  13  0:21  Overlord  
  13  0:25  Drone  
  14  0:50  Drone x2  
  14  0:53  Drone  
  17  1:07  Drone  
  18  1:23  Hatchery  
  18  1:25  Drone  
  18  1:28  Extractor  
  17  1:47  Spawning Pool  
  16  1:53  Drone  
  16  1:56  Drone  
  18  2:07  Drone  
  19  2:23  Overlord  
  19  3:01  Queen  
  19  3:02  Zergling x4  
  19  3:05  Zergling x2, Queen  
  26  3:16  Drone  
  27  3:28  Drone x2  
  29  3:43  Drone x2  
  31  3:50  Overlord  
  31  3:51  Queen  
  31  3:55  Queen  
  35  4:04  Overlord  
  35  4:22  Hatchery  
  32  4:33  Drone  
  32  4:34  Drone  
  34  4:51  Drone x2  
  34  4:52  Drone  
  34  4:55  Queen  
  34  4:59  Drone  
  40  5:05  Overlord  
  40  5:21  Metabolic Boost  
  40  5:22  Drone x2  
  40  5:23  Drone x2  
  44  5:36  Drone x4  
  44  5:37  Overlord  
  48  5:52  Queen  
  48  5:59  Drone x2  
  52  6:02  Drone x2  
  52  6:05  Extractor  
  52  6:07  Extractor  
  52  6:22  Drone x2  
  52  6:23  Drone  
  52  6:24  Drone  
  56  6:37  Evolution Chamber  
  56  6:38  Roach Warren  
  56  6:39  Drone x3, Evolution Chamber  
  56  6:40  Drone  
  56  6:44  Drone  
  56  6:45  Drone x2  
  56  6:48  Lair  
  60  6:51  Queen  
  62  7:07  Queen  
  64  7:12  Drone x2  
  64  7:13  Overlord x2  
  66  7:37  Overlord x2  
  66  7:38  Overlord x2  
  66  7:41  Drone x2  
  66  7:49  Zerg Ground Armor Level 1, Zerg Missile Weapons Level 1  
  68  8:06  Glial Reconstitution  
  68  8:11  Drone x3  
  68  8:12  Drone x4  
  75  8:23  Drone x4  
  79  8:39  Hatchery  
  78  8:44  Roach x9  
  78  8:45  Roach  
  98  8:54  Extractor  
  98  8:56  Extractor  
  96  9:04  Spore Crawler  
  96  9:05  Spore Crawler  
  96  9:08  Extractor  
  93  9:10  Drone  
  93  9:11  Spore Crawler  
  93  9:13  Drone  
  93  9:14  Drone x2  
  93  9:15  Drone  
  93  9:16  Drone  
  98  9:26  Roach  
  98  9:27  Roach x3  
  106  9:49  Overlord  
  106  9:50  Overlord x8  
  106  9:59  Tunneling Claws  
  106  10:02  Burrow  
  106  10:06  Pneumatized Carapace  
  106  10:16  Drone x2  
  106  10:17  Drone, Spire  
  106  10:18  Roach  
  106  10:19  Roach x2  
  114  10:27  Overlord  
  114  10:28  Hatchery  
  115  10:45  Roach  
  115  10:46  Roach x5  
  129  11:11  Drone x12  
  129  11:12  Overlord x2  
  99  12:04  Zerg Flyer Weapons Level 1  
  99  12:09  Roach  
  92  12:10  Roach x4  
  92  12:11  Roach x12  
  92  12:13  Drone x2  
  92  12:14  Drone x2  
  92  12:15  Queen  
  130  12:27  Zerg Missile Weapons Level 2  
  130  12:45  Roach x9  
  130  12:46  Roach  
  150  12:50  Extractor  
  150  13:03  Zergling x2  
  150  13:04  Zergling x12  
  150  13:08  Drone x2  
  150  13:09  Drone  
  160  13:13  Zerg Ground Armor Level 2  
  160  13:15  Overseer  
  158  13:28  Roach  
  158  13:29  Roach x5  
  154  13:38  Roach x4  
  140  14:10  Drone  
  140  14:11  Drone x2  
  140  14:12  Extractor  
  140  14:14  Drone x3  
  138  14:44  Zerg Flyer Armor Level 1  
  120  14:55  Infestation Pit  
  112  15:07  Roach x9  
  112  15:08  Roach x15, Hydralisk Den  
  159  15:25  Hatchery  
  158  15:33  Hatchery  
  158  15:38  Mutalisk  
  159  15:40  Mutalisk  
  159  15:41  Mutalisk x6  
  159  15:44  Mutalisk  
  159  16:37  Roach  
  159  16:38  Roach x15  
  159  16:39  Roach  
  157  16:53  Baneling Nest  
  157  16:57  Zergling x2  
  157  16:58  Zergling x8  
  167  17:11  Zergling x12  
  173  17:24  Hive  
  138  18:18  Hydralisk x11  
  138  18:19  Hydralisk x11  
  170  18:27  Unknown  
  170  18:50  Hydralisk x6  
  170  18:51  Hydralisk x4  
  170  18:52  Hydralisk  
  190  19:12  Zergling x10  
  190  19:13  Zergling x10  
  190  19:16  Greater Spire  
  182  19:58  Zergling x2  
  182  19:59  Zergling x40  
  199  20:00  Zergling x2  
  199  20:07  Unknown  
  196  20:25  Adrenal Overload  
  143  21:19  Corruptor x10  
  129  21:20  Corruptor x9  
  177  21:49  Queen  
  179  21:57  Zergling x8  
  179  21:58  Zergling x24  
  156  22:54  Brood Lord  
  156  22:55  Brood Lord  
  156  22:56  Brood Lord x4  
  156  22:57  Brood Lord x2  
  172  23:00  Corruptor x3  
  172  23:01  Corruptor  
  172  23:03  Zergling x6  
  172  23:04  Zergling x34  
  182  23:28  Zergling x18  
  164  24:42  Zergling x2  
  164  24:43  Zergling x28  
  164  24:44  Zergling x12  
  182  24:54  Zerg Missile Weapons Level 3  
  182  24:55  Zerg Ground Armor Level 3  
  179  25:17  Zergling x8  
  179  25:18  Zergling x20  
  172  26:57  Zergling x2  
  172  26:58  Zergling x28  
  172  26:59  Zergling x22  
  198  27:24  Extractor x2  
  183  27:51  Extractor  
  183  27:52  Extractor  
  164  28:26  Zergling x16  
  164  28:27  Zergling x26  
  184  28:53  Zergling x12  
  184  28:54  Zergling x2  
Tags
 
Add a new tag
Caveats
  • Supply blocks, unpowered buildings, or Contaminate may cause inaccurate times.
  • Supply counts are checked every 10 seconds.